Map: [ESL] Site Delta

Players

HeroMarine - Winner!

  • Race: Terran Terran
  • Spawn Location: 11:00

ShoWTimE

  • Race: Protoss Protoss
  • Spawn Location: 5:00

Event: ESL SC2 Masters 2023 Winter (Regional)

VOD

Have the link to the VOD?

Description

Time

  • Played on: Nov. 18, 2023, 9:34 a.m.
  • Length: 10:45

All games in this series

Show
View Real Time Build Order
Export as new Build Order

HeroMarine Terran - Winner!

Build Orders: 1/1/1 

Get SALT Encoding   

  12  0:00  SCV  
  13  0:12  SCV  
  14  0:17  Supply Depot  
  14  0:24  SCV  
  15  0:38  SCV  
  15  0:40  Barracks  
  16  0:43  Refinery  
  16  0:50  SCV  
  16  0:52  Refinery  
  17  1:03  SCV  
  18  1:15  SCV  
  19  1:27  Orbital Command, Reaper  
  19  1:29  Supply Depot  
  20  1:39  Factory  
  20  1:52  SCV  
  21  1:59  Barracks Reactor  
  21  2:04  SCV  
  22  2:15  Command Center  
  22  2:17  SCV  
  23  2:27  Starport  
  23  2:29  SCV  
  24  2:33  Widow Mine  
  24  2:36  Marine  
  27  2:37  Marine  
  27  2:42  Supply Depot  
  28  2:46  SCV  
  29  2:54  Widow Mine  
  31  3:04  Marine x2, SCV  
  34  3:06  Medivac  
  36  3:16  SCV  
  36  3:17  Barracks  
  36  3:19  Factory Tech Lab  
  38  3:28  SCV  
  38  3:29  Orbital Command  
  38  3:32  Marine  
  38  3:33  Marine  
  40  3:40  SCV  
  41  3:44  Raven, Factory Tech Lab  
  43  3:49  Marine  
  43  3:51  Marine  
  43  3:52  SCV  
  46  3:56  Barracks  
  46  3:58  SCV  
  47  4:06  SCV  
  47  4:10  SCV  
  47  4:14  Marine x2  
  47  4:16  Stimpack  
  50  4:19  SCV  
  50  4:22  SCV  
  53  4:31  Supply Depot x2, SCV  
  52  4:33  Cyclone  
  52  4:34  SCV  
  54  4:42  Starport Reactor  
  54  4:45  Refinery  
  54  4:46  Engineering Bay  
  54  4:52  Marine x4  
  54  4:53  Combat Shield, SCV x2  
  60  5:02  Supply Depot  
  60  5:05  SCV x2  
  62  5:10  Marine x4  
  62  5:12  Missile Turret  
  62  5:13  Terran Infantry Weapons Level 1  
  66  5:20  Missile Turret, Medivac  
  68  5:22  Medivac  
  68  5:24  SCV x2  
  68  5:26  Supply Depot  
  68  5:28  Marine x2  
  72  5:29  Factory Reactor, Marine x2  
  76  5:36  SCV  
  76  5:37  SCV  
  76  5:40  Missile Turret  
  78  5:43  Supply Depot  
  78  5:47  Marine x4  
  78  5:48  SCV  
  78  5:49  SCV  
  84  5:51  Supply Depot  
  84  5:59  Medivac  
  84  6:03  Supply Depot  
  86  6:04  SCV x2, Medivac  
  86  6:05  Marine  
  86  6:06  Marine x2  
  86  6:08  Marine  
  86  6:09  Refinery  
  94  6:16  Supply Depot, SCV x2  
  96  6:21  Widow Mine x2  
  96  6:23  Marine  
  96  6:24  Marine  
  102  6:26  Supply Depot  
  102  6:31  Marauder x2  
  104  6:38  SCV x2  
  101  6:41  Marine  
  101  6:42  Marine  
  93  6:50  SCV x2  
  93  6:53  Marauder x2  
  98  6:59  Marine  
  98  7:00  Marine  
  98  7:01  Command Center  
  98  7:08  Widow Mine x2  
  102  7:10  Medivac  
  102  7:11  Medivac  
  102  7:14  Marauder x2  
  107  7:19  Marine x2  
  106  7:28  SCV  
  106  7:29  SCV  
  106  7:35  Marauder  
  106  7:36  Marauder  
  102  7:37  Marine  
  102  7:42  SCV x2  
  103  7:46  Terran Infantry Armor Level 1  
  103  7:47  Medivac x2  
  107  7:55  Barracks  
  107  7:57  Barracks, Marauder x2, Supply Depot  
  115  7:59  SCV x2  
  113  8:09  Starport  
  113  8:11  SCV x2, Marine x2  
  117  8:17  Viking x2  
  117  8:18  Marauder x2  
  125  8:23  SCV x2  
  125  8:29  Marine x2  
  125  8:33  Supply Depot  
  125  8:35  SCV  
  125  8:36  SCV  
  125  8:40  Supply Depot, Marauder x2  
  129  8:47  Viking x2  
  129  8:50  Viking x2, Barracks Reactor, Barracks Tech Lab  
  133  8:57  Orbital Command  
  133  9:01  Marauder x2  
  137  9:04  Refinery  
  137  9:06  Refinery  
  137  9:16  Viking  
  137  9:17  Viking  
  139  9:20  Viking x2  
  139  9:22  Command Center  
  139  9:23  Marine  
  139  9:24  Marine x2  
  146  9:25  Marine  
  146  9:28  Bunker, Concussive Shells  
  146  9:30  Marauder  
  151  9:39  Supply Depot  
  151  9:42  Marauder  
  151  9:44  Marauder  
  153  9:46  Viking  
  153  9:47  Viking  
Show
View Real Time Build Order
Export as new Build Order

ShoWTimE Protoss 

Build Orders: 1 Gate Expand, Phoenix Opening, Colossus Rush 

Get SALT Encoding   

  12  0:00  Probe  
  13  0:12  Probe  
  14  0:17  Pylon  
  14  0:24  Probe (Chrono Boost)  
  15  0:36  Gateway, Probe (Chrono Boost)  
  16  0:44  Probe (Chrono Boost)  
  16  0:45  Assimilator  
  17  0:50  Probe  
  18  1:03  Probe  
  19  1:15  Probe  
  20  1:23  Cybernetics Core  
  20  1:30  Nexus  
  20  1:33  Probe  
  21  1:41  Pylon  
  21  1:45  Probe  
  22  1:47  Assimilator  
  22  1:57  Adept (Chrono Boost), Probe  
  25  2:09  Probe  
  26  2:16  Stargate  
  26  2:18  Adept (Chrono Boost)  
  26  2:21  Probe  
  29  2:29  Warp Gate  
  29  2:35  Probe (Chrono Boost)  
  30  2:41  Shield Battery  
  30  2:42  Probe (Chrono Boost)  
  33  2:51  Probe (Chrono Boost)  
  33  2:52  Probe (Chrono Boost)  
  33  2:57  Probe (Chrono Boost)  
  33  2:58  Probe  
  34  3:00  Phoenix  
  37  3:08  Probe  
  37  3:10  Probe  
  39  3:13  Pylon  
  39  3:20  Robotics Facility  
  39  3:21  Probe  
  39  3:22  Probe  
  39  3:25  Phoenix  
  43  3:33  Probe  
  45  3:34  Probe  
  45  3:36  Gateway  
  45  3:37  Assimilator  
  45  3:42  Assimilator  
  45  3:43  Pylon  
  45  3:45  Probe  
  45  3:47  Probe  
  47  3:54  Phoenix  
  49  3:57  Probe  
  49  3:59  Probe  
  51  4:05  Immortal (Chrono Boost)  
  51  4:09  Probe  
  56  4:11  Probe  
  57  4:18  Adept  
  57  4:21  Probe  
  60  4:24  Probe  
  60  4:31  Robotics Bay  
  61  4:37  Pylon  
  62  4:39  Observer  
  62  4:50  Nexus  
  62  4:53  Pylon  
  62  4:55  Sentry x2  
  62  4:59  Probe x2  
  68  5:02  Pylon  
  68  5:11  Shield Battery  
  68  5:12  Probe x2  
  70  5:14  Colossus (Chrono Boost)  
  70  5:20  Observer  
  76  5:22  Observer  
  76  5:25  Probe x2  
  78  5:28  Extended Thermal Lance  
  78  5:31  Pylon  
  78  5:35  Gateway  
  78  5:37  Probe x2  
  80  5:49  Probe x2  
  82  5:53  Colossus (Chrono Boost)  
  88  5:58  Pylon  
  88  6:01  Sentry, Zealot  
  92  6:04  Phoenix  
  92  6:06  Probe x3  
  97  6:14  Forge  
  97  6:18  Probe x2  
  99  6:20  Probe  
  99  6:28  Zealot x2  
  99  6:29  Phoenix  
  99  6:30  Probe  
  104  6:39  Zealot  
  94  6:40  Observer  
  91  6:52  Zealot x2  
  94  6:56  Probe x2  
  94  6:57  Phoenix (Chrono Boost)  
  94  7:02  Observer  
  94  7:04  Stalker  
  94  7:05  Probe  
  98  7:08  Probe  
  98  7:13  Stalker x2  
  99  7:19  Phoenix (Chrono Boost)  
  97  7:28  Zealot  
  99  7:32  Gateway  
  99  7:34  Gateway  
  99  7:36  Probe  
  82  7:38  Zealot x2  
  82  7:39  Colossus (Chrono Boost)  
  82  7:40  Gateway  
  92  7:46  Protoss Ground Weapons Level 1 (Chrono Boost)  
  92  7:49  Probe x3 (Chrono Boost)  
  95  7:53  Gateway  
  95  7:54  Gateway  
  95  8:01  Probe x2 (Chrono Boost)  
  95  8:02  Probe (Chrono Boost)  
  95  8:04  Zealot x3, Twilight Council  
  104  8:10  Photon Cannon, Probe x3 (Chrono Boost)  
  107  8:15  Probe x2 (Chrono Boost)  
  106  8:35  Pylon x2  
  106  8:36  Pylon  
  104  8:46  Phoenix  
  104  8:47  Stalker  
  101  8:50  Observer  
  101  8:58  Probe x3  
  101  9:00  Gateway, Assimilator, Zealot x5  
  101  9:01  Gateway  
  101  9:02  Pylon  
  114  9:04  Assimilator  
  114  9:05  Pylon  
  114  9:07  Observer, Photon Cannon  
  114  9:10  Probe  
  114  9:11  Observer  
  114  9:12  Colossus (Chrono Boost)  
  114  9:16  Pylon  
  121  9:17  Probe  
  121  9:18  Probe  
  121  9:24  Sentry  
  125  9:25  Zealot  
  125  9:26  Zealot  
  129  9:33  Stalker x2  
  132  9:40  Templar Archives  
  132  9:46  Stalker  
  134  9:53  Pylon  
Tags
 
Add a new tag
Caveats
  • Supply blocks, unpowered buildings, or Contaminate may cause inaccurate times.
  • Supply counts are checked every 10 seconds.